 Dungeon Crawl Stone Soup version 0.29-a0-243-g602b31c20e (webtiles) character file.

Game seed: 10285992540402527420

93 spaghetti the Skirmisher (level 4, 29/44 HPs)
             Began as a Deep Dwarf Chaos Knight on Mar 5, 2022.
             Was a Plaything of Xom.
             Quit the game on level 3 of the Dungeon.
             The game lasted 00:06:00 (1987 turns).

spaghetti the Skirmisher (Deep Dwarf Chaos Knight)  Turns: 1987, Time: 00:06:01

Health: 29/44      AC:  4    Str: 17    XL:     4   Next: 37%
Magic:  0/3        EV: 12    Int: 13    God:    Xom [......]
Gold:   131        SH:  0    Dex: 12    Spells: 3/3 levels left

rFire   . . .      SeeInvis .   a - +1 spear {polearm}
rCold   . . .      Faith    .   (no shield)
rNeg    . . .      Spirit   +   e - +3 leather armour
rPois   .          Reflect  .   (no helmet)
rElec   .          Harm     .   (no cloak)
rCorr   .          Rampage  .   (no gloves)
Will    .....                   (no boots)
Stlth   +.........              c - amulet of guardian spirit
HPRegen 0.00/turn               (no ring)
MPRegen 0.08/turn               (no ring)

@: no status effects
A: damage resistance, heal wounds, sense surroundings 1, no regeneration,
deformed body, inability to read while threatened
a: Heal Wounds, Renounce Religion


You were on level 3 of the Dungeon.
You worshipped Xom.
You were a very special plaything of Xom.
You visited 1 branch of the dungeon, and saw 4 of its levels.

You collected 131 gold pieces.


Innate Abilities, Weirdness & Mutations

You are resistant to damage.
You can heal yourself by infusing magical energy.
You passively map a small area around you.
You do not regenerate.
Armour fits poorly on your strangely shaped body.
You sometimes lose the ability to read scrolls when taking damage.


   Skills:
 + Level 3.9 Fighting
 - Level 2.1 Armour
 - Level 3.3 Dodging
 - Level 2.6 Unarmed Combat


You had 3 spell levels left.
You didn't know any spells.
Your spell library contained the following spells:

 Spells                   Type           Power      Damage    Failure   Level
 Ensorcelled Hibernation  Hex/Ice        0%         N/A       50%         2
 Spider Form              Tmut/Pois      0%         N/A       73%         3
 Anguish                  Hex/Necr       0%         N/A       98%         4

Inventory:

Hand Weapons
 a - a +1 spear (weapon) {polearm}
   (You found it on level 1 of the Dungeon)
 b - a +0 hunting sling {sling}
   (You found it on level 1 of the Dungeon)
Missiles
 f - 124 stones (quivered) {throwing}
 l - 5 poisoned darts {throwing}
 m - 2 boomerangs {throwing}
Armour
 e - a +3 leather armour (worn)
Jewellery
 c - an amulet of guardian spirit (around neck)
   (You found it on level 2 of the Dungeon)
Wands
 j - a wand of acid (4)
   (You found it on level 2 of the Dungeon)
Scrolls
 d - 3 scrolls of teleportation {@r4}
 k - a scroll of identify {@r1}
Potions
 g - a potion of magic

Dungeon Overview and Level Annotations

Branches:
Dungeon (4/15)
 Temple: D:4-7

Altars:

, , ,#.##.##.# , ,
..#.##.# .# ,
*#.#.##.# ,..# *
#.#.##.# *)..# *
#...##.#######...# ,
##...............#
,,,,#.o##...........#
,**,##o##...........#
* , #@##...........#
,,, ####†..........#
** ** #.........###
#.........#
#.........#
#.........#
#.........# *
########### ,


You could see 2 orcs.


Message History

Press: ? - help, Shift-Dir - straight line, f - ball python
Aim: a ball python (68% to hit)
The bolt of acid hits the ball python!
The acid corrodes the ball python!
You kill the ball python!
A quokka comes into view.
A quokka is nearby!
A quokka is nearby!
The quokka bites you.
Throw: 95 stones {throwing}
Press: ? - help, Q - select action, (/) - cycle Shift-Dir - straight line You throw a stone {throwing}.
The stone {throwing} hits the quokka but does no damage.
The quokka barely misses you.
You hit the quokka.
The quokka bites you but does no damage.
You closely miss the quokka.
The quokka bites you but does no damage.
The quokka closely misses you.
You hit the quokka but do no damage. The quokka bites you.
* * * LOW HITPOINT WARNING * * *
😱 HP[-3]
You take 3 damage, and now have 11/44 hp.
You barely miss the quokka. The quokka closely misses you.
You puncture the quokka!
You kill the quokka!
f - 95 stones {throwing} (gained 1)
j - a wand of acid (4) (gained 3 charges)
f - 124 stones {throwing} (gained 29)
You see here a ball python corpse.
d - 3 scrolls of teleportation {@r4} (gained 1) 2 orcs come into view.
The orc shouts!
There are monsters nearby!
There are monsters nearby!
There are monsters nearby!
There are monsters nearby!
There are monsters nearby!
There is a stone staircase leading down here.
You climb downwards.
Found a stone staircase leading down.
There is a stone staircase leading up here.
Unknown command.
There is a stone staircase leading down here.
Found a stone staircase leading up.
There is a stone staircase leading down here.
A goblin comes into view. It is wielding a +0 club.
A goblin is nearby!
The goblin shouts!
Reach: a) +0 spear {polearm}
Press: ? - help, Dir - move target, f - goblin
Aim: a goblin, wielding a +0 club (about 47% to evade your +0 spear)
You reach to attack!
You barely miss the goblin. The goblin closely misses you.
You completely miss the goblin. The goblin hits you but does no damage.
You barely miss the goblin. The goblin barely misses you.
You barely miss the goblin. The goblin hits you with a +0 club.
* * * LOW HITPOINT WARNING * * *
😱 HP[-1]
You take 1 damage, and now have 10/44 hp.
You puncture the goblin!
You kill the goblin!
You hear Xom's avuncular chuckle.
Your body is suffused with distortional energy.
Your body twists and deforms.
You feel clever.
You lose the ability to read scrolls when threatened.
You feel stupid.
Unknown command.
(D) Dungeon
Where to? (Enter - D:3, ? - help)
You see here a +0 club {mace}.
There is a stone staircase leading up here.
You climb upwards.
The orc shouts!
The orc hits you but does no damage.
There is a stone staircase leading down here.
Unknown command.
You hit the orc but do no damage. Your punch misses the orc.
The orc hits you but does no damage.
You barely miss the orc. The orc misses you.
You hit the orc. The orc hits you but does no damage.
You hit the orc but do no damage. The orc closely misses you.
The orc hits you with a +0 hand axe.
* * * LOW HITPOINT WARNING * * *
😱 HP[-3]
You take 3 damage, and now have 7/44 hp.
You closely miss the orc. The orc hits you with a +0 hand axe.
* * * LOW HITPOINT WARNING * * *
😱 HP[-1]
You take 1 damage, and now have 6/44 hp.
Okay, then.
As you read the scroll labelled CEPOHUUCEI, it crumbles to dust.
It is a scroll of enchant weapon.
Your +0 spear {polearm} glows red for a moment.
The orc hits you with a +0 hand axe.
Your magical essence is drained by the effort!
You feel much better.
The orc hits you with a +0 hand axe. 😮 HP[+23]
You regained 23 hp, and now have 29/44 hp.
Char dumped successfully.
Unknown command.
Are you sure you want to abandon this character and quit the game? (Confirm with "yes".)

Skill      XL: |  1  2  3 |
---------------+----------+-----
Dodging        | 2 3 |  3.3
Fighting       | 3 |  3.9
Armour         | |  2.1
Unarmed Combat | |  2.6

Action                   |  1- 3 |  4- 6 || total
-------------------------+-------+-------++-------
Melee: Spear             |   114 |    16 ||   130
       Punch             |     1 |       ||     1
 Fire: Hunting sling     |    45 |       ||    45
Throw: Stone             |    12 |     4 ||    16
 Abil: Heal Wounds       |       |     1 ||     1
Evoke: Wand              |     1 |     3 ||     4
  Use: Scroll            |     4 |     1 ||     5
       Potion            |     3 |       ||     3
Armor: Leather armour    |    26 |     6 ||    32
Dodge: Dodged            |    57 |     7 ||    64

Levels and vault maps discovered:
D:1:      onia_arrival_pyramid, layout_loops_ring,
          ebering_ecumenical_altar_petrified
D:2:      layout_basic
D:3:      layout_basic, mainiacjoe_overflow_six_doors_small, item_on_display_a
D:4:      layout_loops_ring, lemuel_crystal_altar, ebering_ghost_sewer_f,
          st_stairs_6, hangedman_decor_clover_reticule

Notes
Turn   | Place    | Note
-------+----------+-------------------------------------------
     0 | D:1      | spaghetti the Deep Dwarf Chaos Knight began the quest for
                  | the Orb.
     0 | D:1      | Reached XP level 1. HP: 20/20 MP: 1/1
     0 | D:1      | magus.rc [v1.9.6]
    98 | D:1      | XOM: silly message
   179 | D:1      | XOM: noise
   243 | D:1      | Reached skill level 2 in Dodging
   261 | D:1      | Found a faded altar of an unknown god.
   286 | D:1      | Reached XP level 2. HP: 25/27 MP: 2/2
   508 | D:1      | XOM: silly message
   721 | D:2      | Reached skill level 3 in Dodging
   721 | D:2      | Reached XP level 3. HP: 22/33 MP: 3/3
   827 | D:2      | XOM: silly message
   993 | D:2      | XOM: summons friendly quasit
  1421 | D:2      | Reached skill level 3 in Fighting
  1572 | D:2      | XOM: cloud trail
  1626 | D:3      | You pick up a book of Dreams and begin reading...
  1626 | D:3      | You add the spells Ensorcelled Hibernation, Spider Form and
                  | Anguish to your library.
  1645 | D:3      | XOM: 1-stop teleportation journey
  1856 | D:3      | XOM: enchant monster (bad)
  1858 | D:3      | Reached XP level 4. HP: 14/44 MP: 0/4
  1869 | D:3      | XOM: 1-stop teleportation journey
  1920 | D:3      | HP: 11/44 [quokka (3)]
  1966 | D:4      | HP: 10/44 [goblin/+0 club (1)]
  1969 | D:4      | XOM: give mutations
  1969 | D:4      | Gained mutation: Armour fits poorly on your strangely
                  | shaped body. [Xom's mischief]
  1969 | D:4      | Gained mutation: Your mind is acute. (Int +2) [Xom's
                  | mischief]
  1969 | D:4      | Gained mutation: You sometimes lose the ability to read
                  | scrolls when taking damage. [Xom's mischief]
  1969 | D:4      | Lost mutation: Your mind is acute. (Int +2) [Xom's
                  | mischief]
  1983 | D:3      | HP: 7/44 [orc/+0 hand axe (3)]
  1987 | D:3      | Quit the game

Vanquished Creatures
  An orc wizard (D:3)
  An adder (D:2)
  A worm (D:3)
  A dart slug (D:3)
  3 orcs (D:3)
  4 ball pythons
  6 endoplasms
  A giant cockroach (D:3)
  7 goblins
  5 hobgoblins
  A kobold (D:1)
  2 quokkas
  3 bats
  A frilled lizard (D:2)
  6 rats
43 creatures vanquished.

Vanquished Creatures (collateral kills)
  A worm (D:2)
1 creature vanquished.

Grand Total: 44 creatures vanquished

Table legend:
 A = Non-vault XP
 B = Vault XP
 C = Vault XP percentage of total XP
 D = Non-vault monster count
 E = Vault monster count
 F = Vault count percentage of total count
                 A         B        C        D         E       F
            +---------+---------+-------+---------+---------+-------
      Total |     134 |       0 |   0.0 |      44 |       0 |   0.0
            +---------+---------+-------+---------+---------+-------
        D:1 |      24 |       0 |   0.0 |      13 |       0 |   0.0
        D:2 |      40 |       0 |   0.0 |      16 |       0 |   0.0
        D:3 |      68 |       0 |   0.0 |      14 |       0 |   0.0
        D:4 |       2 |       0 |   0.0 |       1 |       0 |   0.0
            +---------+---------+-------+---------+---------+-------

Illustrated notes

Table legend:
 A = Kills in this place as a percentage of kills in entire the game.
 B = Kills by you in this place as a percentage of kills by you in the entire game.
 C = Kills by friends in this place as a percentage of kills by friends in the entire game.
 D = Other kills in this place as a percentage of other kills in the entire game.
 E = Experience gained in this place as a percentage of experience gained in the entire game.
 F = Experience gained in this place divided by the number of levels of this place that you have seen.
                   A       B       C       D       E      F
               +-------+-------+-------+-------+-------+----------------------
         Total | 100.0 | 100.0 | 100.0 |   N/A | 100.0 |  33.5
       Dungeon | 100.0 | 100.0 | 100.0 |   N/A | 100.0 |  33.5
               +-------+-------+-------+-------+-------+----------------------

Table legend: (Time is in decaauts)
 A = Elapsed time spent in this place.
 B = Non-inter-level travel time spent in this place.
 C = Inter-level travel time spent in this place.
 D = Time resting spent in this place.
 E = Time spent auto-exploring this place.
 F = Levels seen in this place.
 G = Mean time per level.
                   A        B        C        D        E       F      G
               +--------+--------+--------+--------+--------+-----+--------+
         Total |   2022 |   1936 |     86 |    107 |   1383 |   4 |  505.5 |
       Dungeon |   2022 |   1936 |     86 |    107 |   1383 |   4 |  505.5 |
               +--------+--------+--------+--------+--------+-----+--------+

Top non-repeatable levels by time:
     D:2: 943 daAuts
     D:1: 673 daAuts
     D:3: 375 daAuts
     D:4: 30 daAuts
